 Dungeon Crawl Stone Soup version 0.32-a0-433-g08bcfe7efd (webtiles) character file.

Game seed: 2769260527896781989

163 adelrune the Grasshopper (level 5, -6/42 HPs)
             Began as an Armataur Warper on Feb 22, 2024.
             Was a Plaything of Xom.
             Mangled by a gnoll
             ... wielding a +0 halberd
              (12 damage)
             ... on level 3 of the Dungeon.
             The game lasted 00:07:44 (3067 turns).

adelrune the Grasshopper (Armataur Warper)          Turns: 3067, Time: 00:07:45

Health: -6/42      AC:  4    Str: 16      XL:     5   Next: 20%
Magic:  7/7        EV:  9    Int: 14      God:    Xom [......]
Gold:   85         SH:  5    Dex: 10 (11) Spells: 5/7 levels left

rFire   . .          .
                       - Unarmed
rCold   . . .        (no shield)
rNeg    . . .        a - +0 leather armour
rPois   .            (no helmet)
rElec   .            (no cloak)
rCorr   .            (no gloves)
SInv    .            (no barding)
Will    .....        f - amulet of reflection
Stlth   +            (no ring)
HPRegen 0.27/turn    (no ring)
MPRegen 1.09/turn

%: reflection, roll
@: no status effects
A: large, deformed body, tough skin 3, armoured tail, roll 1
a: Renounce Religion


You were on level 3 of the Dungeon.
You worshipped Xom.
You were a very special plaything of Xom.
You visited 1 branch of the dungeon, and saw 4 of its levels.

You collected 181 gold pieces.
You spent 96 gold pieces at shops.

Inventory:

Hand Weapons
 h - a +5 dagger of protection
Missiles
 c - 7 darts of dispersal (quivered)
Armour
 a - a +0 leather armour (worn)
Jewellery
 f - an amulet of reflection (around neck)
Scrolls
 b - a scroll of blinking
 d - 3 scrolls of identify {unknown}
 l - a scroll of immolation {unknown}
 m - a scroll of enchant weapon {unknown}
 p - a scroll of vulnerability {unknown}
 q - a scroll of fog {unknown}
Potions
 e - a potion of enlightenment {unknown}
 g - a potion of berserk rage {unknown}
 i - 2 potions of heal wounds
 j - a potion of curing
 k - a potion of mutation {unknown}
 n - a potion of degeneration {unknown}
 o - a potion of haste {unknown}


   Skills:
 + Level 2.5 Fighting
 - Level 0.8 Throwing
 + Level 2.7 Armour
 + Level 2.0 Dodging
 * Level 3.2 Unarmed Combat
 - Level 1.7 Spellcasting
 + Level 3.6 Translocations


You had 5 spell levels left.
You knew the following spells:

 Your Spells              Type           Power      Damage    Failure   Level
a - Blink                 Tloc           22%        N/A       10%         2

Your spell library contained the following spells:

 Spells                   Type           Power      Damage    Failure   Level
 Lesser Beckoning         Tloc           22%        N/A       10%         2
 Teleport Other           Tloc           11%        N/A       21%         3
 Magic Dart               Conj           4%         1d3       28%         1
 Summon Small Mammal      Summ           4%         N/A       28%         1
 Call Imp                 Summ           2%         N/A       41%         2
 Manifold Assault         Tloc           11%        N/A       54%         4
 Vhi's Electric Charge    Tloc/Air       12%        N/A       80%         4
 Martyr's Knell           Necr/Summ      1%         N/A       96%         4
 Haunt                    Necr/Summ      0%         N/A       100%        7
 Monstrous Menagerie      Summ           0%         N/A       100%        7


Dungeon Overview and Level Annotations

Branches:
Dungeon (4/15)
 Temple: D:4-7

Altars:
Kikubaaqudgha
Xom

Shops:
D:3 !   D:4 (


Innate Abilities, Weirdness & Mutations

Armour fits poorly on your strangely shaped body.
You have extremely tough skin. (AC +3)
You have a long armoured tail.
You regenerate magic when rolling toward enemies. (Rampage MPRegen)


Message History

You start resting.
A gnoll is nearby!
The gnoll shouts!
Things that are here:
a +0 spear; a gnoll skeleton
Things that are here:
a +0 spear; a gnoll skeleton You see here a +0 club.
Things that are here:
a +0 club; a gnoll skeleton
There is an open door here.
You roll towards the gnoll!
You roll towards the gnoll!
The gnoll closely misses you.
You hit the gnoll but do no damage. Your punch misses the gnoll.
You block the gnoll's attack.
You closely miss the gnoll. The gnoll barely misses you.
You hit the gnoll but do no damage. The gnoll hits you with a +0 halberd.
You hit the gnoll but do no damage. You tail-slap the gnoll.
The gnoll is heavily wounded.
The gnoll hits you with a +0 halberd.
You hit the gnoll.
The gnoll is heavily wounded.
The gnoll hits you with a +0 halberd!
* * * LOW HITPOINT WARNING * * *
You barely miss the gnoll.
You tail-slap the gnoll, but do no damage.
The gnoll is heavily wounded.
The gnoll closely misses you.
You closely miss the gnoll.
The gnoll is heavily wounded.
You block the gnoll's attack.
You hit the gnoll but do no damage.
You tail-slap the gnoll, but do no damage.
The gnoll is heavily wounded.
The gnoll hits you with a +0 halberd.
* * * LOW HITPOINT WARNING * * *
You hit the gnoll.
The gnoll is severely wounded.
The gnoll hits you with a +0 halberd!
You die...

#.# #.# ####'#######.##
#.............. #.[.........###
#...........### #######
#########.........(.+.. ......#
#......##...........###
......#####......##...........###
..))).....)....g@'...............
......#####......#........#######
......# #......#........#######
......# #......#...)...........
......# #......#...............
####### #......#...............
#####......#...............
#...#......#........#######
#######...#......#........#


You could see a gnoll.

Vanquished Creatures
  5 gnolls
  3 adders
  2 ribbon worms (D:2)
  A dart slug (D:1)
  7 bats
  7 endoplasms
  A giant cockroach (D:3)
  12 goblins
  11 hobgoblins
  8 jackals (D:1)
  3 quokkas
  2 ball pythons (D:3)
  2 frilled lizards (D:3)
  6 kobolds
  4 rats
74 creatures vanquished.

Notes
Turn   | Place    | Note
-------+----------+-------------------------------------------
     0 | D:1      | adelrune the Armataur Warper began the quest for the Orb.
     0 | D:1      | Reached XP level 1. HP: 17/17 MP: 3/3
   103 | D:1      | Reached XP level 2. HP: 24/24 MP: 4/4
   154 | D:1      | Learned a level 2 spell: Blink
   286 | D:1      | Got the Elucidation of Mustering
   425 | D:1      | Reached XP level 3. HP: 11/29 MP: 5/5
  1266 | D:2      | Reached XP level 4. HP: 30/36 MP: 6/6
  1491 | D:2      | Found a shimmering altar of Xom.
  1539 | D:2      | Became a worshipper of Xom of Chaos
  1648 | D:3      | Found Relaxesh's Distillery.
  1654 | D:3      | Bought a potion of heal wounds for 60 gold pieces
  1654 | D:3      | Bought a potion of curing for 36 gold pieces
  1684 | D:3      | XOM: potion effect (haste)
  1865 | D:3      | XOM: silly message
  1888 | D:3      | Reached XP level 5. HP: 34/42 MP: 7/7
  2198 | D:3      | XOM is BORED!
  2198 | D:3      | XOM: silly message
  2389 | D:3      | Found an ancient bone altar of Kikubaaqudgha.
  2464 | D:3      | XOM: silly message
  2544 | D:3      | XOM: divination: magic mapping
  2760 | D:4      | XOM: divination: detect creatures
  2842 | D:4      | Found Kehyul's Weapon Emporium.
  3020 | D:4      | XOM: stat loss: -1 Dex (10/11)
  3067 | D:3      | Mangled by a gnoll

Illustrated notes

Levels and vault maps discovered:
D:1:      grunt_arrival_lava_bath, layout_rooms, minmay_misc_feat_pillars
D:2:      cheibrodos_greedy_goblins, layout_loops_cross, basic_altar,
          minmay_misc_feat_diagonals
D:3:      layout_basic, mainiacjoe_overflow_alcove_4, serial_shops, shop
D:4:      layout_rooms, kennysheep_mini, serial_shops,
          nicolae_shop_bloodbath_and_beyond

Skill      XL: |  1  2  3  4  5 |
---------------+----------------+-----
Unarmed Combat | 2 3 |  3.2
Fighting       | 2 |  2.5
Armour         | 2 |  2.7
Dodging        | 2 |  2.0
Throwing       | |  0.8
Spellcasting   | |  1.7
Translocations | |  3.6

Action                     |  1- 3 |  4- 6 || total
---------------------------+-------+-------++-------
  Melee: Unarmed           |   179 |   134 ||   313
         Tailslap          |    27 |    12 ||    39
         Punch             |       |     2 ||     2
   Stab: Sleeping          |       |     1 ||     1
 Armour: Leather armour    |    87 |    63 ||   150
  Dodge: Dodged            |    88 |    51 ||   139
  Block: Other             |    22 |    27 ||    49
         Reflection        |     2 |       ||     2

Table legend: (Time is in decaauts)
 A = Elapsed time spent in this place.
 B = Non-inter-level travel time spent in this place.
 C = Inter-level travel time spent in this place.
 D = Time resting spent in this place.
 E = Time spent auto-exploring this place.
 F = Levels seen in this place.
 G = Mean time per level.
                   A        B        C        D        E       F      G
               +--------+--------+--------+--------+--------+-----+--------+
         Total |   3031 |   3002 |     29 |    534 |   1827 |   4 |  757.8 |
       Dungeon |   3031 |   3002 |     29 |    534 |   1827 |   4 |  757.8 |
               +--------+--------+--------+--------+--------+-----+--------+

Top non-repeatable levels by time:
     D:3: 1162 daAuts
     D:2: 915 daAuts
     D:1: 693 daAuts
     D:4: 260 daAuts
